 Seeded DCSS version 0.31-a0-1-g4198be8af4 (webtiles) character file.

Game seed: 548224908236487523 (custom seed)

8479 Pimp the Spear-Bearer (level 11, -18/69 HPs)
             Began as a Tengu Fighter on May 2, 2023.
             Was an Elder of the Shining One.
             Killed from afar by Lodul (27 damage)
             ... with a bolt of lightning
             ... on level 10 of the Dungeon.
             The game lasted 00:19:52 (9196 turns).

Pimp the Spear-Bearer (Tengu Fighter)               Turns: 9196, Time: 00:19:53

Health: -18/69     AC: 21    Str: 21    XL:     11   Next: 31%
Magic:  12/12      EV:  9    Int:  8    God:    the Shining One [****..]
Gold:   847        SH:  6    Dex: 14    Spells: 5/10 levels left

rFire   + . .        t - +8 lance "Wyrmbane" {slay drac, rPois rF+ rC+ AC+3}
rCold   + . .        c - +0 buckler
rNeg    + + +        J - +4 chain mail
rPois   +            (helmet restricted)
rElec   .            K - +2 cloak {rCorr}
rCorr   +            (no gloves)
SInv    .            (boots unavailable)
Will    .....        (no amulet) Stlth
                     B - ring of positive energy
HPRegen 0.31/turn    (no ring)
MPRegen 0.13/turn

%: no passive effects
@: flying quickly and evasively, glowing, quick
A: beak, talons 3, nimble flight
a: Renounce Religion, Divine Shield, Cleansing Flame


You were on level 10 of the Dungeon.
You worshipped the Shining One.
The Shining One was greatly pleased with you.
You visited 2 branches of the dungeon, and saw 11 of its levels.
You also visited: Bailey.

You collected 847 gold pieces.

Inventory:

Hand Weapons
 a - a +0 trident
 t - the +8 lance "Wyrmbane" (weapon) {slay drac, rPois rF+ rC+ AC+3}
   (You found it on level 3 of the Dungeon)

   AC:        It affects your AC (+3).
   rF:        It protects you from fire.
   rC:        It protects you from cold.
   rPois:     It protects you from poison.
Missiles
 f - 6 throwing nets (quivered)
Armour
 b - a +0 scale mail
 c - a +0 buckler (worn)
 g - a +0 cloak
 m - the +1 fire dragon scales "Ogar" {rF++ rC- rN+ SInv}
   (You took it off a gnoll sergeant in a bailey)

   rF:        It greatly protects you from fire.
   rC:        It makes you vulnerable to cold.
   rN:        It protects you from negative energy.
   SInv:      It lets you see invisible.
 p - a +0 chain mail
 r - +0 ice dragon scales
 J - a +4 chain mail (worn)
 K - a +2 cloak of preservation (worn)
Jewellery
 d - a ring of ice
 B - a ring of positive energy (left hand)
 Q - a ring of fire
Wands
 e - a wand of flame (32)
 A - a wand of acid (9)
 C - a wand of polymorph (15)
 D - a wand of roots (6)
 E - a wand of paralysis (14)
 I - a wand of mindburst (24)
Scrolls
 s - a scroll of fear
 v - a scroll of noise
 G - a scroll of torment
 H - 2 scrolls of immolation
 M - a scroll of amnesia
 O - a scroll of teleportation {unknown}
 P - a scroll of silence {unknown}
 R - 2 scrolls of magic mapping
Potions
 h - a potion of haste
 i - a potion of magic
 j - 2 potions of ambrosia
 k - 3 potions of heal wounds
 l - a potion of berserk rage
 n - 3 potions of flight
 o - a potion of mutation
 q - 2 potions of might
 w - 4 potions of degeneration
 x - a potion of brilliance
 z - a potion of invisibility
 F - a potion of attraction
 L - a potion of lignification {unknown}
 N - a potion of curing
 S - a potion of cancellation


   Skills:
 + Level 8.4 Fighting
 + Level 11.9 Polearms
 + Level 9.3 Armour
 + Level 8.4 Shields
 + Level 0.0 Spellcasting
 + Level 0.2 Conjurations
 + Level 0.1 Air Magic


You had 5 spell levels left.
You knew the following spells:

 Your Spells              Type           Power      Damage    Failure   Level
a - Arcjolt               Conj/Air       0%         1d10      100%        5

Your spell library contained the following spells:

 Spells                   Type           Power      Damage    Failure   Level
 Blink                    Tloc           0%         N/A       99%         2
 Lesser Beckoning         Tloc           0%         N/A       99%         2
 Momentum Strike          Conj/Tloc      0%         3d8       99%         2
 Portal Projectile        Hex/Tloc       0%         N/A       100%        3
 Tukima's Dance           Hex            0%         N/A       100%        3
 Vhi's Electric Charge    Tloc/Air       0%         N/A       100%        3
 Blade Hands              Tmut           0%         N/A       100%        5
 Plasma Beam              Fire/Air       0%         2x1d11    100%        6


Dungeon Overview and Level Annotations

Branches:
Dungeon (10/15)            Temple (1/1) D:5            Lair (0/5) D:9
 Bailey (visited)
    Orc: D:9-12

Altars:
Ashenzari
Cheibriados
Dithmenos
Elyvilon
Fedhas
Gozag
Hepliaklqana
Kikubaaqudgha
Makhleb
Nemelex Xobeh
Okawaru
Qazlal
Ru
Sif Muna
Trog
Uskayaw
Wu Jian
Xom
Yredelemnul
Zin
The Shining One

Shops:
D:4 *   D:8 ?

Annotations:
D:9 1 runed translucent door
D:10 Lodul


Innate Abilities, Weirdness & Mutations

You have a beak for a mouth.
You have claws for feet.
Your magical nature lets you fly swiftly and evasively.


Message History

The centaur is moderately wounded.
The centaur hits you. The centaur barely misses you.
You hit the centaur.
The centaur is moderately wounded.
You puncture the centaur! You claw the centaur, but do no damage.
The centaur is severely wounded.
The centaur hits you but does no damage.
The centaur closely misses you.
You hit the centaur. You claw the centaur, but do no damage.
You peck the centaur.
You kill the centaur!
Found a scroll of identify.
There is a shadowy altar of Dithmenos, spattered with blood here.
You see here a +0 shortbow.
HP restored.
You now have 847 gold pieces (gained 14).
An ogre comes into view. It is wielding a +0 giant club.
The ogre shouts!
You hear a shout! x4
An ogre comes into view. It is wielding a +0 giant spiked club.
The ogre moves out of view.
You hear a shout!
An ogre is nearby!
Lodul and 5 ogres come into view.
The ogre shouts! x4
Electricity crackles from Lodul's apparatus.
The bolt of lightning hits you!!!
Ouch! That really hurt!
You see here a scroll of identify. 2 ogres come into view.
The ogre shouts! x2
Electricity crackles from Lodul's apparatus.
The bolt of lightning hits you!!
* * * LOW HITPOINT WARNING * * *
The ogre barely misses you.
You hit the ogre but do no damage. The ogre hits you but does no damage.
Electricity crackles from Lodul's apparatus.
The bolt of lightning misses you.
Electricity crackles from Lodul's apparatus.
The bolt of lightning hits you!!
You die...

.# ### #.........# .
#.##..###....8....# .
#.....##.........# #.
#......##........## ..
##......#..._.....##.#
#.............###..#.#
#................}..#
#.................##
##.@##.............#
#.O.######.........
##OO# #####.###. #OO#
#..# ## #O.. #..## #
#OO.# #..# ##.O# ..#
O.. ...#


You could see Lodul and 9 ogres.

Vanquished Creatures
  A skeletal warrior (D:7)
  The ghost of osoart the Poker, a novice DsGl of Uskayaw (D:6)
  Pikel (D:5)
  Maurice (D:9)
  Joseph (D:10)
  A gargoyle (D:7)
  A wraith (D:9)
  2 wyverns (D:10)
  A steam dragon (D:9)
  7 vampire mosquitoes
  An acid dragon (D:7)
  Duvessa (D:7)
  A water moccasin (D:7)
  2 orc warriors (D:8)
  A sky beast (D:8)
  2 black bears
  3 ice beasts
  3 ogres
  5 wolves (Bailey)
  5 centaurs
  2 phantoms
  A kobold brigand (D:8)
  3 bullfrogs
  4 necrophages (D:7)
  7 gnoll sergeants (Bailey)
  2 scorpions (D:5)
  Dowan (D:7)
  2 jellies
  6 gnoll boudas
  5 hounds
  7 orc priests
  4 iguanas
  5 orc wizards
  A killer bee zombie (D:7)
  29 gnolls
  A howler monkey zombie (D:7)
  6 adders
  3 shadow imps (D:5)
  A white imp (D:7)
  An ufetubus (D:5)
  5 worms
  2 dart slugs
  25 orcs
  3 bats
  10 endoplasms
  2 giant cockroaches (D:2)
  14 goblins
  10 hobgoblins
  3 jackals (D:1)
  10 kobolds
  2 quokkas
  7 ball pythons
  2 frilled lizards (D:1)
  A goblin skeleton (D:9)
  A jackal skeleton (D:9)
  4 rats
  A bush (D:7)
234 creatures vanquished.

Vanquished Creatures (others)
  14 plants
14 creatures vanquished.

Grand Total: 248 creatures vanquished

Notes
Turn   | Place    | Note
-------+----------+-------------------------------------------
     0 | D:1      | Pimp the Tengu Fighter began the quest for the Orb.
     0 | D:1      | Reached XP level 1. HP: 14/14 MP: 2/2
   103 | D:1      | Reached XP level 2. HP: 16/19 MP: 3/3
   751 | D:2      | Reached XP level 3. HP: 23/23 MP: 4/4
   920 | D:2      | Found a faded altar of an unknown god.
  1374 | D:2      | Reached skill level 3 in Polearms
  1374 | D:2      | Reached XP level 4. HP: 28/28 MP: 5/5
  2007 | D:3      | Gained mutation: Your magical nature lets you fly swiftly
                  | and evasively. [Tengu growth]
  2007 | D:3      | Reached XP level 5. HP: 5/33 MP: 6/6
  2040 | D:3      | Found a shimmering altar of Xom.
  2649 | D:3      | Found the +8 lance "Wyrmbane" {slay drac, rPois rF+ rC+
                  | AC+3}
  2872 | D:4      | Noticed a black bear
  2881 | D:3      | Killed a black bear
  2882 | D:3      | Reached skill level 4 in Polearms
  2882 | D:3      | Reached XP level 6. HP: 36/38 MP: 7/7
  3099 | D:4      | Reached skill level 5 in Armour
  3099 | D:4      | Reached XP level 7. HP: 41/44 MP: 8/8
  3245 | D:4      | Found Wiajugh's General Store.
  3426 | D:5      | Entered Level 5 of the Dungeon
  3434 | D:5      | Reached skill level 5 in Polearms
  3470 | D:5      | Noticed Pikel
  3483 | D:5      | Killed Pikel
  3484 | D:5      | Reached skill level 5 in Fighting
  3484 | D:5      | Reached skill level 6 in Polearms
  3484 | D:5      | Reached skill level 5 in Shields
  3484 | D:5      | Reached XP level 8. HP: 28/49 MP: 9/9
  3692 | D:5      | Reached skill level 7 in Polearms
  3742 | D:5      | Found a staircase to the Ecumenical Temple.
  3932 | D:5      | Reached XP level 9. HP: 49/55 MP: 10/10
  3990 | Temple   | Entered the Ecumenical Temple
  4076 | Temple   | Became a worshipper of the Shining One
  4159 | D:5      | Found a sparkling altar of Nemelex Xobeh.
  4549 | D:6      | Found a runed translucent door.
  4555 | D:6      | Noticed osoart's ghost (novice DsGl)
  4575 | D:6      | Killed osoart's ghost
  4576 | D:6      | Reached skill level 8 in Polearms
  5527 | D:7      | Found a blossoming altar of Fedhas.
  5616 | D:7      | Reached * piety under the Shining One
  5714 | D:7      | Reached skill level 9 in Polearms
  5811 | D:7      | Noticed Duvessa
  5811 | D:7      | Noticed Dowan
  5826 | D:7      | Killed Duvessa
  5836 | D:7      | Killed Dowan
  5877 | D:7      | Noticed a gargoyle
  5893 | D:7      | Killed a gargoyle
  5894 | D:7      | Reached XP level 10. HP: 47/63 MP: 11/11
  5947 | D:7      | Noticed a skeletal warrior
  5988 | D:7      | HP: 2/63 [skeletal warrior/+0 mace (5)]
  5990 | D:7      | The Shining One protects you from harm!
  6089 | D:8      | Found Tutioptimo's Magic Scroll Boutique.
  6135 | D:8      | Found a flagged portal.
  6153 | D:8      | Reached skill level 10 in Polearms
  6155 | Bailey   | Entered a bailey
  6321 | Bailey   | Reached ** piety under the Shining One
  6639 | Bailey   | Identified the +1 fire dragon scales "Ogar" {rF++ rC- rN+
                  | SInv}
  6706 | Bailey   | Identified the +1 demon blade of Eternal Vigilance {venom,
                  | Str-4 Dex+5 SInv}
  7742 | D:7      | Killed a skeletal warrior
  7743 | D:7      | Reached skill level 11 in Polearms
  7910 | D:7      | Reached *** piety under the Shining One
  8039 | D:9      | Found an ornate altar of the Wu Jian Council.
  8040 | D:9      | Found an opulent altar of Gozag.
  8045 | D:9      | Reached XP level 11. HP: 68/68 MP: 12/12
  8137 | D:9      | Noticed Maurice
  8151 | D:9      | Killed Maurice
  8331 | D:9      | Found a runed translucent door.
  8333 | D:9      | Found a basalt altar of Yredelemnul.
  8395 | D:9      | Found a staircase to the Lair.
  8724 | D:10     | Entered Level 10 of the Dungeon
  8738 | D:10     | Found a snail-covered altar of Cheibriados.
  8762 | D:10     | Noticed Joseph
  8773 | D:10     | Killed Joseph
  9050 | D:10     | Found a bloodstained altar of Trog.
  9062 | D:10     | Learned a level 5 spell: Arcjolt
  9117 | D:10     | Found a shadowy altar of Dithmenos.
  9122 | D:10     | Found an ancient bone altar of Kikubaaqudgha.
  9123 | D:10     | Found a burning altar of Makhleb.
  9193 | D:10     | Noticed Lodul
  9193 | D:10     | Reached **** piety under the Shining One
  9196 | D:10     | Killed from afar by Lodul

Illustrated notes

Levels and vault maps discovered:
D:1:      evilmike_arrival_rings, layout_rooms, serial_glass, glass_columns_c,
          glass_columns_a, glass_columns_a, glass_columns_a
D:2:      layout_loops_corners, shapermc_ecumenical_altar_totnotflames
D:3:      corexii_shack_village, layout_loops_ring, amcnicky_altar_gilded,
          st_stairs_13, chequers_serial_rivers_room_a
D:4:      minmay_angry_zag, layout_rooms, serial_shops, kennysheep_mini
D:5:      nicolae_cairo_tiling, layout_basic, nemelex_altar_shiori,
          temple_statues, minmay_misc_feat_tiny, uniq_pikel
D:6:      layout_loops_ring, ebering_ghost_sewer_d
D:7:      layout_loops_ring, fedhas_altar_decomposition, kb_rosetta,
          uniq_duvessa
D:8:      layout_basic, serial_shops, nicolae_shop_statue_plus, enter_bailey_5
D:9:      layout_loops_ring, dk_yredelemnul_ordeal,
          gammafunk_temple_overflow_pools, lair_entry_dummy, uniq_maurice
D:10:     layout_cave_pods, mainiacjoe_overflow_alcove_1,
          trog_three_pillars_becter, grunt_temple_overflow_open, uniq_lodul,
          uniq_joseph
Temple:   bh_familiar_temple

Skill      XL: |  1  2  3  4  5  6  7  8  9 10 11 |
---------------+----------------------------------+-----
Polearms       | 3 4 6 7 9 11 | 11.9
Armour         | 4 5 6 7 8 9 |  9.3
Fighting       | 4 5 7 8 |  8.4
Shields        | 4 5 7 8 |  8.4
Conjurations   | |  0.2
Air Magic      | |  0.1

Action                     |  1- 3 |  4- 6 |  7- 9 | 10-12 || total
---------------------------+-------+-------+-------+-------++-------
  Melee: Trident           |    86 |    89 |       |       ||   175
         Kick              |    19 |    33 |    53 |   106 ||   211
         Peck              |    12 |    19 |    41 |    74 ||   146
         Lance             |       |    28 |   181 |   328 ||   537
    Use: Potion            |       |     1 |       |     5 ||     6
         Scroll            |       |       |       |    26 ||    26
   Stab: Distracted        |       |     1 |       |       ||     1
 Armour: Scale mail        |    45 |    17 |       |       ||    62
         Chain mail        |       |    41 |    43 |   117 ||   201
  Dodge: Dodged            |    50 |    52 |    55 |   101 ||   258
  Block: Buckler           |    27 |    40 |    32 |    79 ||   178

Table legend: (Time is in decaauts)
 A = Elapsed time spent in this place.
 B = Non-inter-level travel time spent in this place.
 C = Inter-level travel time spent in this place.
 D = Time resting spent in this place.
 E = Time spent auto-exploring this place.
 F = Levels seen in this place.
 G = Mean time per level.
                   A        B        C        D        E       F      G
               +--------+--------+--------+--------+--------+-----+--------+
         Total |   8537 |   8145 |    392 |   1107 |   5063 |  12 |  711.4 |
       Dungeon |   7679 |   7317 |    362 |    785 |   4897 |  10 |  767.9 |
        Temple |    100 |     71 |     29 |      0 |     18 |   1 |  100.0 |
        Bailey |    757 |    757 |      0 |    321 |    147 |   1 |  757.0 |
               +--------+--------+--------+--------+--------+-----+--------+

Top non-repeatable levels by time:
     D:2: 1190 daAuts
     D:3: 896 daAuts
     D:6: 844 daAuts
     D:5: 840 daAuts
     D:8: 816 daAuts
     D:1: 762 daAuts
     D:7: 760 daAuts
  Bailey: 757 daAuts
     D:9: 648 daAuts
     D:4: 501 daAuts
    D:10: 417 daAuts
  Temple: 100 daAuts
